AoeStats
← Nirmitha

Fortress

509594273Analyzed
3v3 RM · 4d ago on Sep 27, 2026· 5m 18s· 6 players
Game mode
Random Map
Map size
Large (8 player)
Population
200
Speed
Normal
Resources
Standard
Victory
Conquest
Starting age
Dark Age
Ending age
Imperial Age
RankedLock teamsTeams togetherTeam positionsShared explorationLock speedFull tech treeHidden civsTurbo modeCheats
Victory
Defeat
🇹🇷 Huns · Türkiye
818
+15
🇦🇺 Wei · Australia
787
+16
🇺🇸 Goths · United States
737
+18
🇱🇰 Maya · Sri Lanka
822
-18
🇦🇺 Hindustanis · Australia
791
-16
🇮🇪 Italians · Ireland
754
-15
Turd Ferguson
0:57 Loom
5:48 Feudal Age
TownsVanFran
0:35 Loom
mag8044
0:29 Loom
Vacationing
1:03 Loom
Sith Lord
1:38 Loom
Nirmitha
5:25 Loom
7:11 Feudal Age
Connection lost

Rejoining the realm…

Still unreachable

The connection could not be restored.

Session expired

The server has moved on; the page needs a fresh start.